 Dungeon Crawl Stone Soup version 0.22-a0-135-g6f012ad (webtiles) character file.

2039 nono the Changer (level 9, -3/45 HPs)
             Began as a Vine Stalker Transmuter on Jan 31, 2018.
             Was an Initiate of Cheibriados.
             Slain by Grum
             ... wielding a -2 glaive of pain
              (10 damage)
             ... on level 8 of the Dungeon.
             The game lasted 00:19:26 (3766 turns).

nono the Changer (Vine Stalker Transmuter)          Turns: 3766, Time: 00:19:27

Health: -3/45      AC:  5    Str: 13    XL:     9   Next: 24%
Magic:  0/22       EV: 15    Int: 17    God:    Cheibriados [......]
Gold:   295        SH:  0    Dex: 17    Spells: 7/13 levels left

rFire    . . .     SeeInvis .   m - +2 dagger (elec)
rCold    . . .     Gourm    .   (no shield)
rNeg     . . .     Faith    .   b - +0 robe
rPois    .         Spirit   +   s - +1 helmet
rElec    .         Reflect  .   (no cloak)
rCorr    .         Harm     .   (no gloves)
MR       ++...                  B - +0 pair of boots
Stlth    ++........             (no amulet)
HPRegen  0.55/turn              A - ring of protection from magic
MPRegen  0.18/turn              D - ring of magical power

@: very slow
A: fangs 3, regeneration 1, magic shield, antimagic bite, no potion heal 3, rot
immunity
a: Bend Time, Renounce Religion


You were on level 8 of the Dungeon.
You worshipped Cheibriados.
Cheibriados was noncommittal.
You were not hungry.

You visited 2 branches of the dungeon, and saw 9 of its levels.

You collected 295 gold pieces.

Inventory:

Hand Weapons
 f - a +0 short sword
 m - a +2 dagger of electrocution (weapon)
Missiles
 a - 154 arrows
Armour
 b - a +0 robe (worn)
 h - a +0 shield
 o - a +0 pair of boots
 s - a +1 helmet (worn)
 B - a +0 pair of boots (worn)
Jewellery
 e - an uncursed ring of protection from magic
 A - a ring of protection from magic (left hand)
 D - a ring of magical power (right hand)
Wands
 n - a wand of flame (92)
 y - a wand of acid (22)
 C - a wand of enslavement (11)
Scrolls
 i - a scroll of immolation {unknown}
 j - a scroll of teleportation {unknown}
 k - 9 scrolls of identify {unknown}
 u - 2 scrolls of blinking {unknown}
 w - 2 scrolls of remove curse {unknown}
 z - a scroll of fog {unknown}
 F - 3 scrolls of enchant armour {unknown}
 H - 3 scrolls of noise {unknown}
 I - 2 scrolls of amnesia {unknown}
Potions
 g - a potion of mutation {unknown}
 l - 4 potions of flight {unknown}
 p - 3 potions of curing
 q - a potion of cancellation {unknown}
 r - 2 potions of invisibility {unknown}
 t - a potion of degeneration {unknown}
 v - a potion of magic {unknown}
 x - a potion of brilliance {unknown}
 E - a potion of lignification {unknown}
 G - a potion of agility {unknown}
 K - a potion of heal wounds {unknown}
Books
 c - a book of Changes

   Spells                             Type                      Level
   a - Beastly Appendage              Transmutation                1
   b - Sticks to Snakes               Transmutation                2
   c - Spider Form                    Transmutation/Poison         3
   d - Ice Form                       Ice/Transmutation            4
   e - Blade Hands                    Transmutation                5
Comestibles
 d - 10 rations


   Skills:
 + Level 4.0 Fighting
 + Level 5.0 Dodging
 + Level 6.5 Unarmed Combat
 - Level 2.6 Spellcasting
 - Level 7.3 Transmutations


You had 7 spell levels left.
You knew the following spells:

 Your Spells              Type           Power        Failure   Level  Hunger
a - Beastly Appendage     Tmut           ####..       1%          1    #......
b - Spider Form           Tmut/Pois      ##........   12%         3    ###....
c - Sticks to Snakes      Tmut           ####....     1%          2    ##.....


Dungeon Overview and Level Annotations

Branches:
Dungeon (8/15)             Temple (1/1) D:6
   Lair: D:8-11

Altars:
Ashenzari
Cheibriados
Dithmenos
Elyvilon
Fedhas
Gozag
Hepliaklqana
Kikubaaqudgha
Makhleb
Nemelex Xobeh
Okawaru
Qazlal
Ru
Sif Muna
Trog
Uskayaw
Vehumet
Wu Jian
Xom
Yredelemnul
Zin
The Shining One

Shops:
D:4 :(}

Annotations:
D:5 Blork the orc
D:8 Grum


Innate Abilities, Weirdness & Mutations

You have razor-sharp teeth.
Your natural rate of healing is unusually fast.
When hurt, damage is shared between your health and your magic reserves.
Your bite disrupts and absorbs the magic of your enemies.
Potions cannot restore your health.
You are immune to rotting.


Message History

Evoke which item? (* to show all) (? for menu, Esc to quit)
Aiming: Enslavement
Press: ? - help, Shift-Dir - straight line, f - ogre
Aim: an ogre, wielding a giant spiked club (chance to defeat MR: 46%)
The ogre is charmed.
The wolf closely misses you. The wolf bites you.
* * * LOW HITPOINT WARNING * * *
Your ogre hits the ogre with a giant spiked club!!
The ogre dies!
Cheibriados appreciates the change of pace.
The wolf bites you.
* * * LOW HITPOINT WARNING * * *
The wolf bites you but does no damage.
Okay, then.
Evoke which item? (* to show all) (? for menu, Esc to quit)
Aiming: Enslavement
Press: ? - help, Shift-Dir - straight line, f - wyvern, p - ogre
Aim: a wyvern (chance to defeat MR: 46%)
The wyvern is charmed.
The wolf misses you.
Grum hits you from afar with a glaive of pain!
You die...

. .## ..# #5# #.# #.
#.# .. ###)### ###..##
##.l@Og## ##.......
##...hh!.#####..# ....
#..............###.#..
#......>..............
#..........#####......
#..........# ##[......
#.........## #..<....#
##.......## ##..O##.##
#.........###...###!#


You could see Grum, 2 wolves, a crimson imp, a friendly wyvern and a friendly
ogre.

Vanquished Creatures
  A troll (D:6)
  A water moccasin (D:7)
  Duvessa (D:6)
  A sky beast (D:7)
  A necrophage (D:6)
  2 ogres
  A centaur (D:5)
  Dowan (D:6)
  4 bullfrogs (D:6)
  3 scorpions
  A howler monkey (D:6)
  3 hounds
  3 orc priests
  2 orc wizards
  A centaur skeleton (D:7)
  5 worker ants
  3 adders
  An ooze (D:5)
  An adder skeleton (D:7)
  A worm (D:4)
  7 leopard geckos
  5 orcs
  A ball python (D:6)
  2 giant cockroaches
  4 goblins
  8 hobgoblins
  11 jackals
  4 quokkas
  2 bats
  5 frilled lizards
  4 kobolds
  A leopard gecko skeleton (D:7)
  6 rats
97 creatures vanquished.

Vanquished Creatures (collateral kills)
  An ogre (D:8)
  2 centaurs (D:5)
  An orc priest (D:5)
  4 orcs (D:5)
  A quokka (D:5)
  A frilled lizard (D:5)
10 creatures vanquished.

Vanquished Creatures (others)
  A plant (D:5)
1 creature vanquished.

Grand Total: 108 creatures vanquished

Notes
Turn   | Place    | Note
-------+----------+-------------------------------------------
     0 | D:1      | nono the Vine Stalker Transmuter began the quest for the Orb.
     0 | D:1      | Reached XP level 1. HP: 9/9 MP: 4/4
   404 | D:1      | Reached XP level 2. HP: 14/14 MP: 4/6
   958 | D:2      | Reached skill level 3 in Transmutations
   958 | D:2      | Reached XP level 3. HP: 13/17 MP: 4/7
  1286 | D:3      | Learned a level 3 spell: Spider Form
  1457 | D:3      | Reached skill level 4 in Transmutations
  1457 | D:3      | Gained mutation: Your natural rate of healing is unusually fast. [Vine Stalker growth]
  1457 | D:3      | Reached XP level 4. HP: 6/21 MP: 3/8
  1514 | D:3      | Reached XP level 5. HP: 24/25 MP: 7/9
  1568 | D:3      | Learned a level 2 spell: Sticks to Snakes
  1726 | D:4      | Found Voishuos's Weapon Shoppe.
  1730 | D:4      | Found Jemanumn's Book Boutique.
  1780 | D:4      | Reached skill level 5 in Transmutations
  1840 | D:4      | You fall through a shaft!
  1840 | D:5      | Entered Level 5 of the Dungeon
  1850 | D:5      | Noticed an ogre
  1859 | D:5      | Killed an ogre
  1922 | D:5      | Reached skill level 6 in Transmutations
  1922 | D:5      | Reached XP level 6. HP: 28/29 MP: 8/10
  1963 | D:5      | Found a transporter.
  2023 | D:5      | Found a transporter.
  2203 | D:5      | Noticed Blork the orc
  2204 | D:5      | Found a blossoming altar of Fedhas.
  2417 | D:4      | Found Dila's Gadget Boutique.
  2583 | D:4      | Found a shadowy altar of Dithmenos.
  2615 | D:5      | Reached skill level 7 in Transmutations
  2615 | D:5      | Reached XP level 7. HP: 5/32 MP: 1/11
  3019 | D:6      | Noticed Duvessa
  3021 | D:6      | Noticed a troll
  3022 | D:6      | Noticed Dowan
  3034 | D:7      | Gained mutation: You have razor-sharp teeth. [Vine Stalker growth]
  3034 | D:7      | Reached XP level 8. HP: 37/37 MP: 12/12
  3127 | D:7      | Reached skill level 1 in Fighting
  3163 | D:7      | Reached skill level 5 in Unarmed Combat
  3436 | D:6      | Killed a troll
  3468 | D:6      | Reached XP level 9. HP: 27/44 MP: 6/13
  3540 | D:6      | Killed Duvessa
  3545 | D:6      | Killed Dowan
  3545 | D:6      | Reached skill level 5 in Dodging
  3630 | D:6      | Found a staircase to the Ecumenical Temple.
  3637 | Temple   | Entered the Ecumenical Temple
  3670 | Temple   | Became a worshipper of Cheibriados the Contemplative
  3744 | D:8      | Noticed Grum
  3766 | D:8      | Slain by Grum

Vault maps used:
D:1:      lemuel_arrival_lava_pool
D:4:      lemuel_upstairs_altar, serial_shops, shop, shop, shop, shop,
          st_stairs_9
D:5:      gammafunk_wand_slinger, fedhas_altar_1, first_ration,
          grunt_ministairs_3, uniq_blork_the_orc
D:6:      minmay_temple_entry_statues_fountains, minmay_misc_feat_enclosed,
          uniq_duvessa
D:8:      uniq_grum, uniq_maurice
Temple:   nicolae_temple_the_god_donut

Skill      XL: |  1  2  3  4  5  6  7  8  9 |
---------------+----------------------------+-----
Transmutations | 3 4 6 7 |  7.3
Dodging        | 3 4 5 |  5.0
Unarmed Combat | 4 6 |  6.5
Fighting       | 3 4 |  4.0
Spellcasting   | |  2.6

Action                   |  1- 3 |  4- 6 |  7- 9 || total
-------------------------+-------+-------+-------++-------
Melee: Unarmed           |    87 |       |    85 ||   172
       Kick              |    12 |       |       ||    12
       Bite              |    29 |    22 |    11 ||    62
       Headbutt          |     2 |       |       ||     2
       Dagger            |    27 |   109 |    64 ||   200
       Punch             |     1 |     1 |     2 ||     4
 Cast: Beastly Appendage |    18 |       |       ||    18
       Sticks to Snakes  |       |     4 |     2 ||     6
       Spider Form       |       |       |    11 ||    11
Evoke: Wand              |     1 |     3 |     2 ||     6
 Stab: Sleeping          |     1 |       |     1 ||     2
  Eat: Chunk             |     2 |     4 |     5 ||    11
Armor: Robe              |    10 |    29 |    17 ||    56
       Skin              |       |       |     1 ||     1
Dodge: Dodged            |    52 |    73 |   195 ||   320

Table legend:
 A = Spawn XP
 B = Non-spawn XP
 C = Spawn XP percentage of total XP
 D = Spawn monster count
 E = Non-spawn monster count
 F = Spawn count percentage of total count
 G = Total turns spent on level
                    A         B        C        D         E        F      G
               +---------+---------+-------+---------+---------+-------+---------
         Total |       0 |    2913 |   0.0 |       0 |     107 |   0.0 |  3766
               +---------+---------+-------+---------+---------+-------+---------
           D:1 |       0 |      21 |   0.0 |       0 |      13 |   0.0 |   814
           D:2 |       0 |      32 |   0.0 |       0 |      12 |   0.0 |   425
           D:3 |       0 |     133 |   0.0 |       0 |      21 |   0.0 |   414
           D:4 |       0 |      55 |   0.0 |       0 |       9 |   0.0 |   526
           D:5 |       0 |     801 |   0.0 |       0 |      27 |   0.0 |   783
           D:6 |       0 |    1441 |   0.0 |       0 |      17 |   0.0 |   399
           D:7 |       0 |     361 |   0.0 |       0 |       7 |   0.0 |   323
           D:8 |       0 |      69 |   0.0 |       0 |       1 |   0.0 |    25
               +---------+---------+-------+---------+---------+-------+---------
